 Dungeon Crawl Stone Soup version 0.19.0-11-g3fc08b3 (console) character file.

47 OvidiusNaso the Conjurer (level 3, -3/26 HPs)
             Began as a Human Conjurer on Nov 9, 2016.
             Killed from afar by Sigmund (6 damage)
             ... with a magic dart
             ... on level 2 of the Dungeon.
             The game lasted 00:13:05 (841 turns).

OvidiusNaso the Conjurer (Human Conjurer)            Turns: 841, Time: 00:13:06

Health: -3/26      AC:  2    Str:  8    XL:     3   Next: 97%
Magic:  2/6        EV: 12    Int: 15    God:
Gold:   58         SH:  4    Dex: 14    Spells: 2 memorised, 3 levels left

rFire  . . .     SeeInvis .     d - +0 club
rCold  . . .     Gourm    .     a - +0 robe
rNeg   . . .     Faith    .     i - +0 buckler
rPois  .         Spirit   .     (no helmet)
rElec  .         Reflect  .     (no cloak)
rCorr  .         Harm     .     (no gloves)
MR     .....                    (no boots)
Stlth  ++........               (no amulet)
                                (no ring)
                                (no ring)

@: no status effects
A: no striking features
a: no special abilities


You were on level 2 of the Dungeon.
You were hungry.

You visited 1 branch of the dungeon, and saw 2 of its levels.

You collected 58 gold pieces.

Inventory:

Hand Weapons
 d - a +0 club (weapon)
Missiles
 j - 19 sling bullets
Armour
 a - a +0 robe (worn)
 i - a +0 buckler (worn)
 m - a +1 pair of boots
Scrolls
 e - a scroll of teleportation {unknown}
 f - a scroll of immolation {unknown}
 k - a scroll of remove curse {unknown}
 o - a scroll of recharging {unknown}
Potions
 g - a potion of heal wounds {unknown}
 h - a potion of curing {unknown}
 l - 2 potions of brilliance {unknown}
 n - a potion of lignification {unknown}
Books
 b - a book of Conjurations

   Spells                             Type                      Level
   a - Magic Dart                     Conjuration                  1
   b - Searing Ray                    Conjuration                  2
   c - Dazzling Spray                 Conjuration/Hexes            3
   d - Fulminant Prism                Conjuration/Hexes            4
   e - Iskenderun's Mystic Blast      Conjuration                  4
   f - Iskenderun's Battlesphere      Conjuration/Charms           5
Comestibles
 c - 3 bread rations
 p - a meat ration


   Skills:
 + Level 1.1 Fighting
 + Level 2.4 Dodging
 - Level 2.0 Stealth
 * Level 1.2 Shields
 + Level 2.2 Spellcasting
 + Level 4.3 Conjurations


You had 3 spell levels left.
You knew the following spells:

 Your Spells              Type           Power        Failure   Level  Hunger
a - Magic Dart            Conj           ##..         8%          1    #......
b - Searing Ray           Conj           ##....       10%         2    ###....


Dungeon Overview and Level Annotations

Branches:
Dungeon (2/15)

Altars:

Annotations:
D:2 Sigmund


Message History

* * * LOW HITPOINT WARNING * * *
Casting: Magic Dart
Confirm with . or Enter, or press ? or * to list all spells.
Aiming: Magic Dart
Press: ? - help, Shift-Dir - straight line, f/p - adder
Aim: an adder (severely wounded)
The magic dart hits the adder.
You kill the adder!
You are feeling hungry.
You feel sick.
Your magical contamination has completely faded away.
You feel sick.
You feel sick.
You feel sick.
You are no longer poisoned.
You now have 58 gold pieces (gained 9).
Sigmund the Dreaded comes into view.
He is wielding a scythe.
Sigmund points at you and mumbles some strange words.
The magic dart hits you!
You die...

........ ....... . ......
..>.. . ... #..#.## ##.#.# #.
....##..... .......# #.
#..@.....# #.##.#.## ##.
##..##..#.####.#..... ..
.........@..........# #.
..........####.##...#####.
..........................
......##....####.##..######.
#..##........................
........##..†.#######..######.
........##....# ##..# #.
...#.#..##....######...## #.
........................ #.
........##........##...## ##
#. #...................# #####


You could see Sigmund.

Vanquished Creatures
  3 adders (D:2)
  2 dart slugs (D:1)
  3 bats (D:1)
  A giant cockroach (D:1)
  2 goblins (D:1)
  2 hobgoblins (D:1)
  4 kobolds
  A rat (D:1)
18 creatures vanquished.

Notes
Turn   | Place    | Note
-------+----------+-------------------------------------------
     0 | D:1      | OvidiusNaso the Human Conjurer began the quest for the Orb.
     0 | D:1      | Reached XP level 1. HP: 13/13 MP: 3/3
    97 | D:1      | Reached XP level 2. HP: 20/20 MP: 3/5
   722 | D:2      | Reached skill level 1 in Fighting
   722 | D:2      | Reached skill level 1 in Shields
   722 | D:2      | Reached XP level 3. HP: 8/26 MP: 1/6
   779 | D:2      | Learned a level 2 spell: Searing Ray
   840 | D:2      | Noticed Sigmund
   841 | D:2      | Killed from afar by Sigmund

Skill      XL: |  1  2 |
---------------+-------+-----
Fighting       | 1 |  1.1
Shields        | 1 |  1.2
Dodging        | |  2.4
Stealth        | |  2.0
Spellcasting   | |  2.2
Conjurations   | |  4.3

Action                   || total
-------------------------++-------
Melee: Club              ||    41
 Cast: Magic Dart        ||    36
Armor: Robe              ||     5
Dodge: Dodged            ||    36
Block: Buckler           ||     8
